 Dungeon Crawl Stone Soup version 0.30-a0-778-g2ef04afb54 (webtiles) character file.

Game seed: 14869498061886227776

17670 funkygono the Thaumaturge (level 12, -1/62 HPs)
             Began as a Gargoyle Fire Elementalist on Feb 16, 2023.
             Was a High Priest of Vehumet.
             Killed from afar by a bog body (4 damage)
             ... with a bolt of cold
             ... in an ice cave.
             The game lasted 00:26:33 (13493 turns).

funkygono the Thaumaturge (GrFE)                   Turns: 13493, Time: 00:26:33

Health: -1/62      AC: 18    Str: 12    XL:     12   Next: 50%
Magic:  27/27      EV: 13    Int: 26    God:    Vehumet [*****.]
Gold:   346        SH:  0    Dex: 16    Spells: 10/34 levels left

rFire   + . .      SeeInvis .    u - +3 whip (protect)
rCold   + . .      Faith    .    (no shield)
rNeg    + + .      Spirit   .    N - +1 steam dragon scales
rPois   ∞          Reflect  .    (no helmet)
rElec   +          Harm     .    c - +1 cloak of Biaddoty {Rampage rF+ rN+}
rCorr   .          Rampage  +    g - +1 pair of gloves
Will    .....                    (no boots)
Stlth   +++                      J - amulet of magic regeneration
HPRegen 0.30/turn                s - ring "Zuitomal" {Drain Int+5 Dex+6 Stlth+}
MPRegen 0.60/turn                k - ring of protection from cold

@: slowed, very slow
A: sickness immunity, AC +8, negative energy resistance 1, electricity
resistance, torment resistance 1, petrification resistance
a: Renounce Religion


You were in an ice cave.
You worshipped Vehumet.
Vehumet was extremely pleased with you.
You visited 2 branches of the dungeon, and saw 11 of its levels.
You also visited: Sewer and Ice Cave.

You collected 616 gold pieces.
You spent 270 gold pieces at shops.

Inventory:

Hand Weapons
 f - a +0 whip of flaming
 u - a +3 whip of protection (weapon)
Armour
 c - the +1 cloak of Biaddoty (worn) {Rampage rF+ rN+}
   (You acquired it on level 3 of the Dungeon)

   rF:        It protects you from fire.
   rN:        It protects you from negative energy.
   Rampage:   It bestows one free step when moving towards enemies.
 d - a +2 buckler of cold resistance
 e - a scarf of repulsion
 g - a +1 pair of gloves (worn)
 o - a +1 cloak
 N - +1 steam dragon scales (worn)
 P - a +2 robe of positive energy
Magical Staves
 Q - a staff of earth
 S - a staff of fire
Jewellery
 k - a ring of protection from cold (right hand)
 n - a ring of see invisible
 s - the ring "Zuitomal" (left hand) {Drain Int+5 Dex+6 Stlth+}
   (You acquired it on level 5 of the Dungeon)

   [ring of dexterity]

   Int:       It affects your intelligence (+5).
   Dex:       It affects your dexterity (+6).
   Drain:     It drains your maximum health when unequipped.
   Stlth:     It makes you more stealthy.
 C - a ring of resist corrosion
 D - the ring "Bonib" {rN+ Will+ AC+4}
   (You found it on level 3 of the Dungeon)

   [ring of protection]

   AC:        It affects your AC (+4).
   rN:        It protects you from negative energy.
   Will:      It increases your willpower.
 J - an amulet of magic regeneration (around neck)
 M - a ring of flight
Wands
 l - a wand of digging (1)
 m - a wand of iceblast (4)
 z - a wand of acid (11)
 B - a wand of mindburst (31)
 L - a wand of paralysis (12)
 O - a wand of flame (28)
Scrolls
 a - a scroll of fear
 h - 3 scrolls of teleportation
 i - a scroll of amnesia
 p - a scroll of poison
 r - a scroll of fog
 G - 4 scrolls of identify
Potions
 b - 2 potions of magic
 j - 2 potions of flight
 v - a potion of resistance
 w - 3 potions of mutation
 x - a potion of haste
 E - 3 potions of curing
 H - 4 potions of heal wounds
 K - 2 potions of invisibility
 R - 3 potions of brilliance


   Skills:
 + Level 2.1 Fighting
 + Level 1.3 Maces & Flails
 + Level 3.3 Dodging
 - Level 2.1 Stealth
 + Level 11.8 Spellcasting
 + Level 9.1 Conjurations
 + Level 11.7 Fire Magic
 + Level 0.7 Air Magic
 + Level 5.6 Poison Magic


You had 10 spell levels left.
You knew the following spells:

 Your Spells              Type           Power      Damage    Failure   Level
a - Foxfire               Conj/Fire      100%       2x1d9     1%          1
b - Scorch                Fire           100%       2d10      1%          2
c - Kindle Blastsparks    Fire/Tloc/Air  74%        2d16      1%          3
d - Flame Wave            Conj/Fire      63%        2d15      1%          4
e - Shock                 Conj/Air       100%       1d9       1%          1
f - Olgreb's Toxic Radia  Pois           44%        N/A       1%          4
g - Lightning Bolt        Conj/Air       20%        1d35      4%          5
h - Sticky Flame          Conj/Fire      63%        2d8       1%          4

Your spell library contained the following spells:

 Spells                   Type           Power      Damage    Failure   Level
 Starburst                Conj/Fire      31%        6d10      2%          6
 Kiss of Death            Conj/Necr      100%       2d13      1%          1
 Poisonous Vapours        Pois/Air       64%        N/A       1%          2
 Static Discharge         Conj/Air       82%        2-6/arc   1%          2
 Inner Flame              Hex/Fire       45%        N/A       1%          3
 Beastly Appendage        Tmut           30%        N/A       3%          1
 Necrotise                Necr           60%        1d7       3%          1
 Summon Small Mammal      Summ           60%        N/A       3%          1
 Spider Form              Tmut/Pois      30%        N/A       3%          3
 Arcjolt                  Conj/Air       20%        1d30      4%          5
 Wereblood                Tmut           15%        N/A       6%          2
 Vhi's Electric Charge    Tloc/Air       34%        N/A       10%         3
 Call Canine Familiar     Summ           15%        N/A       12%         3
 Summon Guardian Golem    Hex/Summ       15%        N/A       12%         3
 Eringya's Noxious Bog    Tmut/Pois      15%        N/A       41%         6
 Borgnjor's Vile Clutch   Necr/Erth      7%         N/A       71%         5
 Borgnjor's Revivificati  Necr           7%         N/A       100%        8


Dungeon Overview and Level Annotations

Branches:
Dungeon (9/15)             Temple (0/1) D:5            Lair (2/5) D:9
  Swamp (0/4) Lair:2          Orc (0/2) D:9           Sewer (visited)
  IceCv (1/1)
  Snake: Lair:2-3    Spider: Lair:2-3

Altars:
Ashenzari
Cheibriados
Dithmenos
Elyvilon
Fedhas
Hepliaklqana
Kikubaaqudgha
Nemelex Xobeh
Okawaru
Qazlal
Ru
Sif Muna
Trog
Vehumet
Yredelemnul
The Shining One

Shops:
D:6 *   D:8 *

Annotations:
D:5 2 runed translucent doors


Innate Abilities, Weirdness & Mutations

You are immune to sickness and miasma.
Your stone body is resilient. (AC +8)
You are immune to poison.
You resist negative energy. (rN+)
You are resistant to electric shocks. (rElec)
You are resistant to unholy torment.
You are immune to petrification.


Message History

The flame wave engulfs the death yak simulacrum!!
The death yak simulacrum melts!
The death yak simulacrum vaporises!
Vehumet accepts your kill.
You feel your power returning.
You hear a sizzling sound!
The flame wave engulfs the death yak simulacrum!!
The death yak simulacrum melts!
The death yak simulacrum vaporises!
Vehumet accepts your kill.
You hear a sizzling sound!
The flame wave engulfs the bog body!
The bog body resists.
The bog body is severely damaged. (Press . to intensify the flame waves.)
The bog body touches you but does no damage.
The bog body barely misses you.
The bog body touches you but does no damage.
The bog body casts a spell at you. The bolt of cold hits you! You resist.
* * * LOW HITPOINT WARNING * * *
The polar bear simulacrum bites you.
* * * LOW HITPOINT WARNING * * *
The polar bear simulacrum freezes you! You resist.
* * * LOW HITPOINT WARNING * * *
The polar bear simulacrum claws you but does no damage.
The polar bear simulacrum barely misses you.
Unknown command.
A wave of flame ripples out!
The flame wave engulfs the bog body.
The bog body resists.
The bog body is severely damaged.
The flame wave engulfs the polar bear simulacrum!
The polar bear simulacrum melts!
The polar bear simulacrum vaporises!
Vehumet accepts your kill.
You hear a sizzling sound!
The flame wave engulfs the bog body!
The bog body resists.
The bog body is almost destroyed.
The bog body casts a spell at you. The bolt of cold hits you. You resist.
You die...

## ##. #### ###..
###... #....##
##..##. #...n.##
#..####
#..@.##########..#..
###n..##...##...#..#
###...##...#######
##########


You could see 2 bog bodies.

Vanquished Creatures
  A hydra (Lair:2)
  A catoblepas (Lair:1)
  Pikel (D:5)
  An ice statue (IceCv)
  3 cane toads (Lair:1)
  Maggie (D:8)
  A rime drake (Lair:1)
  3 kobold demonologists (D:9)
  Psyche (D:8)
  2 komodo dragons (Lair:1)
  An anaconda simulacrum (IceCv)
  3 ice devils (IceCv)
  3 tyrant leeches (Lair:2)
  4 blink frogs (Lair:1)
  13 yaks
  Sigmund (D:4)
  A wyvern (D:8)
  A basilisk (Lair:1)
  3 steam dragons
  Menkaure (D:7)
  7 death yak simulacra
  A harpy simulacrum (IceCv)
  An acid dragon (D:8)
  5 water moccasins
  A hydra simulacrum (IceCv)
  2 ice beasts
  5 black bears
  2 orc warriors
  3 wolves (Lair:2)
  An ogre (D:6)
  6 centaurs
  A phantom (D:4)
  2 lemures (D:5)
  9 kobold brigands
  6 bullfrogs
  4 scorpions
  A gnoll sergeant (D:7)
  A necrophage (D:7)
  3 cane toad simulacra (IceCv)
  8 two-headed ogre simulacra (IceCv)
  3 wights (D:8)
  3 elephant simulacra (IceCv)
  3 electric eels (D:8)
  6 howler monkeys
  A quasit (D:8)
  3 hounds
  A jelly (D:7)
  7 orc priests
  Terence (D:2)
  5 iguanas
  15 orc wizards
  Ijyb (D:5)
  5 spriggan simulacra (IceCv)
  2 polar bear simulacra (IceCv)
  3 troll simulacra (IceCv)
  3 wolf simulacra
  8 gnolls
  10 adders
  3 naga simulacra (IceCv)
  A shadow imp (D:5)
  5 white imps
  7 ufetubi
  A worm (D:3)
  A dart slug (D:5)
  33 orcs
  7 ball pythons
  9 endoplasms
  9 giant cockroaches
  8 goblins
  8 hobgoblins
  4 jackals
  10 quokkas
  12 bats
  5 frilled lizards
  2 goblin skeletons (D:8)
  A goblin zombie (D:8)
  2 hobgoblin zombies (D:8)
  39 kobolds
  A kobold skeleton (D:8)
  A kobold zombie (D:8)
  6 rats
  A spectral orc (D:4)
371 creatures vanquished.

Vanquished Creatures (collateral kills)
  20 foxfires
20 creatures vanquished.

Vanquished Creatures (others)
  1222 foxfires
  65 fungi
  46 plants
1333 creatures vanquished.

Grand Total: 1724 creatures vanquished

Notes
Turn   | Place    | Note
-------+----------+-------------------------------------------
     0 | D:1      | funkygono the Gargoyle Fire Elementalist began the quest
                  | for the Orb.
     0 | D:1      | Reached XP level 1. HP: 10/10 MP: 3/3
   197 | D:1      | Reached XP level 2. HP: 15/15 MP: 3/5
   200 | D:1      | Learned a level 2 spell: Scorch
   760 | D:1      | Reached XP level 3. HP: 19/19 MP: 3/6
   764 | D:1      | Learned a level 3 spell: Kindle Blastsparks
  1318 | D:2      | Found a faded altar of an unknown god.
  1716 | D:2      | Reached XP level 4. HP: 24/24 MP: 6/8
  1868 | D:2      | Noticed Terence
  1875 | D:2      | Killed Terence
  2300 | D:3      | Found a glowing drain.
  2304 | Sewer    | Entered a sewer
  2376 | Sewer    | Noticed a kobold brigand
  2388 | Sewer    | Killed a kobold brigand
  2389 | Sewer    | Reached skill level 1 in Maces & Flails
  2389 | Sewer    | Reached XP level 5. HP: 6/28 MP: 0/10
  2394 | Sewer    | Learned a level 4 spell: Flame Wave
  2578 | Sewer    | Noticed a kobold brigand
  2588 | Sewer    | Killed a kobold brigand
  2589 | Sewer    | Reached XP level 6. HP: 14/32 MP: 1/11
  2967 | Sewer    | Reached skill level 5 in Fire Magic
  2973 | Sewer    | Reached XP level 7. HP: 30/37 MP: 3/13
  3269 | D:3      | Found a radiant altar of Vehumet.
  3381 | D:3      | Got Vehumet's Tome of the Shot
  3382 | D:3      | Became a worshipper of Vehumet
  3388 | D:3      | Found an ancient bone altar of Kikubaaqudgha.
  3424 | D:3      | Found a shimmering blue altar of Sif Muna.
  3562 | D:3      | Found a sparkling altar of Nemelex Xobeh.
  3582 | D:3      | Found an iron altar of Okawaru.
  4123 | D:3      | Reached * piety under Vehumet
  4123 | D:3      | Offered knowledge of Shock by Vehumet.
  4127 | D:3      | Learned a level 1 spell: Shock
  4302 | D:3      | Found a snail-covered altar of Cheibriados.
  4391 | D:3      | Found a broken altar of Ashenzari.
  4557 | D:3      | Identified the ring "Bonib" {rN+ Will+ AC+4}
  4563 | D:3      | Found a stormy altar of Qazlal.
  4845 | D:3      | Identified a scroll of acquirement
  4845 | D:3      | Acquired the +1 cloak of Biaddoty {Rampage rF+ rN+}
  5385 | D:4      | Noticed Sigmund
  5396 | D:4      | Killed Sigmund
  5397 | D:4      | Reached skill level 5 in Spellcasting
  5397 | D:4      | Reached XP level 8. HP: 42/42 MP: 7/15
  5535 | D:4      | Found a basalt altar of Yredelemnul.
  5742 | D:5      | Entered Level 5 of the Dungeon
  5927 | D:5      | Found a staircase to the Ecumenical Temple.
  6087 | D:5      | Found a runed translucent door.
  6089 | D:5      | Found a runed translucent door.
  6096 | D:5      | Noticed Pikel
  6156 | D:5      | Offered knowledge of Static Discharge by Vehumet.
  6194 | D:4      | Reached ** piety under Vehumet
  6514 | D:5      | Killed Pikel
  6515 | D:5      | Reached skill level 1 in Fighting
  6515 | D:5      | Reached skill level 5 in Conjurations
  6515 | D:5      | Reached XP level 9. HP: 47/47 MP: 9/18
  6732 | D:5      | Noticed Ijyb
  6744 | D:5      | Killed Ijyb
  6907 | D:5      | Found a shadowy altar of Dithmenos.
  7267 | D:5      | Acquired the ring "Zuitomal" {Drain Int+5 Dex+6 Stlth+}
  7607 | D:6      | Found a blossoming altar of Fedhas.
  7743 | D:6      | Found Ufien's Assorted Antiques.
  7839 | D:6      | Bought a scroll of enchant weapon for 150 gold pieces
  8178 | D:6      | Offered knowledge of Hailstorm by Vehumet.
  8580 | D:6      | Acquired an amulet of magic regeneration
  8587 | D:6      | Acquired Hagec's Vademecum on Vitiation and Mortification
  8594 | D:6      | Learned a level 4 spell: Olgreb's Toxic Radiance
  8697 | D:7      | Noticed Menkaure
  8702 | D:7      | Killed Menkaure
  8702 | D:7      | Reached *** piety under Vehumet
  8810 | D:7      | Found a hazy altar of Hepliaklqana.
  8856 | D:7      | Reached XP level 10. HP: 52/52 MP: 21/21
  9165 | D:7      | Identified the +3 leather armour of Slovenliness {Int+3
                  | Slay+2 Stlth+}
  9730 | D:7      | Learned a level 5 spell: Lightning Bolt
  9798 | D:8      | Reached skill level 1 in Poison Magic
  9833 | D:8      | Offered knowledge of Fulminant Prism by Vehumet.
  9928 | D:8      | Identified the +0 robe of the Alphagorgon {rN+ Int-5 Dex+2}
  9961 | D:8      | Found Topeus's General Store.
  9966 | D:8      | Bought a scroll of enchant weapon for 120 gold pieces
 10041 | D:8      | Found a glowing golden altar of the Shining One.
 10086 | D:8      | Noticed Maggie
 10094 | D:8      | Killed Maggie
 10132 | D:8      | Found a bloodstained altar of Trog.
 10296 | D:8      | Found a white marble altar of Elyvilon.
 10388 | D:8      | Noticed Psyche
 10393 | D:8      | Killed Psyche
 10781 | D:9      | Reached **** piety under Vehumet
 10792 | D:9      | Offered knowledge of Sticky Flame by Vehumet.
 10868 | D:9      | Reached skill level 10 in Fire Magic
 10899 | D:9      | Reached XP level 11. HP: 52/56 MP: 21/24
 10914 | D:9      | Found a staircase to the Lair.
 11114 | D:9      | Reached skill level 10 in Spellcasting
 11399 | D:9      | Found a sacrificial altar of Ru.
 11593 | D:9      | Found a staircase to the Orcish Mines.
 11855 | D:9      | Learned a level 4 spell: Sticky Flame
 11987 | Lair:1   | Entered Level 1 of the Lair of Beasts
 12068 | Lair:1   | Noticed a catoblepas
 12084 | Lair:1   | Killed a catoblepas
 12314 | Lair:1   | Reached skill level 5 in Poison Magic
 12870 | Lair:2   | Found a staircase to the Swamp.
 12884 | Lair:2   | Reached XP level 12. HP: 62/62 MP: 22/27
 12897 | Lair:2   | Noticed a four-headed hydra
 12906 | Lair:2   | Killed a four-headed hydra
 12966 | Lair:2   | Found a frozen archway.
 13018 | IceCv    | Entered an ice cave
 13037 | IceCv    | Reached ***** piety under Vehumet
 13037 | IceCv    | Offered knowledge of Starburst by Vehumet.
 13492 | IceCv    | HP: 3/62 [polar bear simulacrum (9)]
 13493 | IceCv    | Killed from afar by a bog body

Illustrated notes

Levels and vault maps discovered:
D:1:      dpeg_arrival_fog, layout_loops_ring, minmay_tetromino_o2
D:2:      layout_basic, hellmonk_ecumenical_altar_arch_garden,
          reono_crystal_passage, minmay_distorted, uniq_terence
D:3:      layout_basic, palyth_temple_overflow_mages,
          nicolae_qazlal_eye_of_the_storm, chei_slow_surprise,
          nemelex_dance_club_becter, lemuel_round_altar,
          mainiacjoe_overflow_small_starburst, gup_sewer_entry_spiral,
          minmay_box_of_dots
D:4:      layout_rooms, yredelemnul_forgotten_temple_becter,
          grunt_decor_fettered, minmay_misc_feat_four_crosses, uniq_sigmund
D:5:      lemuel_insect_pit, layout_basic, grunt_dithmenos_shadows, temple_hall,
          corexii_hall_statues_x, solitary_fountain, uniq_ijyb, uniq_pikel
D:6:      layout_cave_pods, fedhas_altar_4, serial_shops,
          nicolae_shop_statue_plus
D:7:      layout_gridville, mainiacjoe_overflow_catwalk, minmay_diced_spiral,
          uniq_menkaure
D:8:      layout_loops_ring, elyvilon_altar_1, nicolae_tso_besieged_by_evil,
          lemuel_round_altar, serial_shops, shop, chequers_big_river,
          uniq_psyche, uniq_maggie
D:9:      layout_stronghold, mainiacjoe_overflow_six_doors_small,
          due_lair_maze_entry_diamond, david_orc_2
Lair:1:   layout_chaotic_city
Lair:2:   layout_chaotic_city, minmay_swamp_entry_worms,
          portal_ice_cave_entry_ice_simulacra
IceCv:    ice_cave_caverns_03

Skill      XL: |  1  2  3  4  5  6  7  8  9 10 11 12 |
---------------+-------------------------------------+-----
Spellcasting   | 3 4 5 6 7 9 11 | 11.8
Fire Magic     | 4 5 6 7 8 10 11 | 11.7
Conjurations   | 2 3 4 5 7 8 9 |  9.1
Maces & Flails | 1 |  1.3
Dodging        | 2 3 |  3.3
Fighting       | 1 2 |  2.1
Poison Magic   | 3 5 |  5.6
Stealth        | |  2.1
Air Magic      | |  0.7

Action                     |  1- 3 |  4- 6 |  7- 9 | 10-12 || total
---------------------------+-------+-------+-------+-------++-------
  Melee: Unarmed           |     3 |       |       |       ||     3
         Mace              |    14 |     3 |       |       ||    17
         Punch             |     1 |       |       |       ||     1
         Whip              |       |     4 |    14 |     5 ||    23
   Cast: Foxfire           |    59 |    77 |   291 |   300 ||   727
         Scorch            |     3 |     3 |    59 |    54 ||   119
         Flame Wave        |       |       |     3 |    28 ||    31
         Olgreb's Toxic Ra |       |       |       |    42 ||    42
         Lightning Bolt    |       |       |       |     7 ||     7
    Use: Scroll            |       |       |    30 |     6 ||    36
 Armour: Robe              |    18 |    12 |    28 |     3 ||    61
         Steam dragon scal |       |       |       |    42 ||    42
  Dodge: Dodged            |    28 |    16 |    43 |    60 ||   147

Table legend: (Time is in decaauts)
 A = Elapsed time spent in this place.
 B = Non-inter-level travel time spent in this place.
 C = Inter-level travel time spent in this place.
 D = Time resting spent in this place.
 E = Time spent auto-exploring this place.
 F = Levels seen in this place.
 G = Mean time per level.
                   A        B        C        D        E       F      G
               +--------+--------+--------+--------+--------+-----+--------+
         Total |  13569 |  13136 |    433 |    304 |  10500 |  13 | 1043.8 |
       Dungeon |  11266 |  10848 |    418 |    287 |   8755 |   9 | 1251.8 |
          Lair |   1030 |   1015 |     15 |     17 |    783 |   2 |  515.0 |
         Sewer |    790 |    790 |      0 |      0 |    636 |   1 |  790.0 |
      Ice Cave |    481 |    481 |      0 |      0 |    326 |   1 |  481.0 |
               +--------+--------+--------+--------+--------+-----+--------+

Top non-repeatable levels by time:
     D:3: 2025 daAuts
     D:5: 1415 daAuts
     D:1: 1243 daAuts
     D:6: 1222 daAuts
     D:9: 1218 daAuts
     D:7: 1147 daAuts
     D:4: 1074 daAuts
     D:8: 1001 daAuts
     D:2: 916 daAuts
  Lair:1: 883 daAuts
   Sewer: 790 daAuts
   IceCv: 481 daAuts
  Lair:2: 146 daAuts
